Mdrl, neutral female human Valkyrie I>. Mdrl the Fighter Experience level: 6 Strength: 17 Dexterity: 13 Constitution: 18 Intelligence: 11 Wisdom: 10 Charisma: 9 Health: 0(62) Energy: 15(15) Def: 13 Gold: 578 Moves: 3930 Dungeon seed: mXOg46QX__IenL3n Game ID: Mdrl_1524995493 Your Inventory: Coins $ - 578 gold pieces Amulets h - a cursed amulet of change Weapons a - a +1 long sword (weapon in hand) b - a +0 dagger (in quiver) y - 2 +0 elven daggers Armor e - an uncursed +3 small shield (being worn) r - an uncursed +0 dwarvish cloak (being worn) N - an uncursed rusty +0 dwarvish iron helm (being worn) T - an uncursed +0 pair of iron shoes (being worn) Y - an uncursed +0 dwarvish mithril-coat (being worn) Comestibles c - 4 uncursed food rations H - an uncursed sprig of wolfsbane K - an uncursed cream pie L - 3 uncursed tripe rations V - an uncursed carrot Scrolls g - an uncursed scroll of confuse monster o - an uncursed scroll of identify p - a blessed scroll of light named light s - an uncursed scroll of create monster t - an uncursed scroll of teleportation u - a cursed scroll of remove curse z - an uncursed scroll of stinking cloud C - a cursed scroll of light Potions f - 2 uncursed potions of gain ability j - 2 uncursed potions of gain level w - 2 uncursed potions of restore ability D - a cursed potion of object detection E - an uncursed potion of invisibility F - an uncursed potion of water J - an uncursed potion of booze M - an uncursed potion of healing Q - an uncursed potion of confusion Rings d - an uncursed ring of see invisible l - an uncursed ring of cold resistance Wands i - a wand of teleportation (0:0) A - a wand of secret door detection (0:10) Z - a wand of striking (0:4) Tools B - an uncursed tin whistle G - an uncursed mirror I - an uncursed tin opener P - 7 uncursed tallow candles (0:200) R - an uncursed towel W - an uncursed partly used tallow candle (0:168) X - an uncursed tin whistle Spells and supernatural/magical abilities: Name Level Category Fail Memory W - pray for help -- divine ? -- Your skills at the end: Fighting Skills Weapon Skills dagger [Basic] long sword [Basic] Spellcasting Skills Final Attributes: You were piously aligned. You were cold resistant. You were blinded. You were stealthy. You were lucky. You are dead. Vanquished creatures: a small mimic a gnome king a housecat a bugbear a rock mole a shrieker 3 gnome lords 2 gnomish wizards a gray ooze 2 giant ants a floating eye 7 dwarves 2 homunculi a giant bat 2 iguanas 2 acid blobs 5 hobbits a large kobold 2 hobgoblins 3 brown molds 26 gnomes 10 garter snakes a gnome zombie 2 geckos 5 jackals 2 foxes 3 kobolds a goblin 5 grid bugs 6 bats 7 lichens a kobold zombie 2 newts 111 creatures vanquished. Voluntary challenges: You had been an atheist until turn 3052. You used a wielded weapon 99 times, starting on turn 383. You read items or engraved 1 time, starting on turn 3110. You never genocided any monsters. You never polymorphed an object. You never changed form. You used no wishes. You never split a pudding. You wrote Elbereth's name 1 time, starting on turn 3110. You violated your moral code, losing 52 points of alignment, starting on turn 1121. Dungeon overview: The Dungeons of Doom: levels 1 to 7 Level 1 a long staircase Level 2 an altar to Tyr, some fountains stairs to The Gnomish Mines Level 3 a general store, a fountain Level 4 a fountain Level 5 a fountain Level 6 many fountains Level 7 The Gnomish Mines: levels 3 to 8 Level 3 stairs to The Dungeons of Doom Level 4 Level 5 Level 7 <- You were here Level 8 History has recorded: On T:1 you entered the Dungeons of Doom to retrieve the Amulet of Yendor! On T:238 you reached level 2 of The Dungeons of Doom. On T:395 you reached level 1 of The Gnomish Mines. On T:590 you reached level 3 of The Dungeons of Doom. On T:719 you advanced to experience level 2. On T:871 you reached level 4 of The Dungeons of Doom. On T:1058 you advanced to experience level 3. On T:1235 you reached level 5 of The Dungeons of Doom. On T:1306 you advanced to experience level 4. On T:1636 you reached level 6 of The Dungeons of Doom. On T:1867 you reached level 7 of The Dungeons of Doom. On T:2519 you advanced to experience level 5. On T:3253 you advanced to experience level 6. On T:3263 you reached level 2 of The Gnomish Mines. On T:3781 you reached level 3 of The Gnomish Mines. On T:3895 you reached level 6 of The Gnomish Mines. On T:3913 you reached level 5 of The Gnomish Mines. Score breakdown: Gold: 578 ( 9397 points) Experience: 6 levels (12456 points) Exploration: 8 levels ( 17.02%) (11702 points) Discoveries: 7 items ( 2.85%) ( 5060 points) Valuables value: (no points given unless you survive) Artifact value: 0 ( 0 points) Variety of kills: 33 monsters ( 8.66%) ( 8829 points) Turncount: 3930 turns ( -998 points) Survival: died (score multiplied by 80%) Total score: 37156 Latest messages: You stop waiting. (3x) It hits! You hit it. Something casts a spell at you! Your brain is on fire! You kill it! You attack thin air. It hits! You hear a mumbled curse. You hit it. You hear a mumbled curse. You miss it. It hits! It misses. You hear a mumbled curse. You miss it. You begin praying to Odin. You feel something move nearby. (4x) You feel that Odin is well-pleased. It hits! (2x) You die... Final status: Farvel Mdrl the Valkyrie, killed by a dwarf king... You died in The Gnomish Mines on dungeon level 7 with 37156 points, and 578 pieces of gold, after 3930 moves. You were level 6 with a maximum of 62 hit points when you died.